 Dungeon Crawl Stone Soup version 0.30.0-5-g1a98f26d00 (webtiles) character file.

Game seed: 8497835751513402812

5228 Irreverend the Grappler (level 10, -5/104 HPs)
             Began as a Troll Fighter on May 13, 2023.
             Was a Believer of Wu Jian.
             Slain by an ice devil (18 damage)
             ... on level 2 of the Abyss.
             The game lasted 00:17:07 (8937 turns).

Irreverend the Grappler (Troll Fighter)             Turns: 8937, Time: 00:17:08

Health: -5/104     AC:  6    Str: 32    XL:     10   Next: 35%
Magic:  3/9        EV: 10    Int:  8    God:    Wu Jian [**....]
Gold:   424        SH: 11    Dex: 15    Spells: 9/9 levels left

rFire   . .          .
                       - Unarmed
rCold   . . .        b - +0 kite shield
rNeg    . . .        J - +0 troll leather armour
rPois   .            (helmet restricted)
rElec   .            (no cloak)
rCorr   .            (gloves unavailable)
SInv    .            (boots unavailable)
Will    .....        y - amulet of regeneration
Stlth   +            i - +6 ring of strength
HPRegen 2.77/turn    B - +6 ring of dexterity
MPRegen 0.11/turn

%: no passive effects
@: no status effects
A: large, unfitting armour, claws 3, regeneration 1, shaggy fur 1, tough skin 1
a: Renounce Religion, Wall Jump


You were on level 2 of the Abyss.
You worshipped Wu Jian.
Wu Jian was pleased with you.
You visited 2 branches of the dungeon, and saw 10 of its levels.
You visited the Abyss 1 time.
You also visited: Sewer and Ossuary.

You collected 424 gold pieces.

Inventory:

Armour
 a - a +0 robe
 b - a +0 kite shield (worn)
 I - +0 steam dragon scales
 J - a +0 troll leather armour (worn)
Jewellery
 i - a +6 ring of strength (left claw)
 o - a ring of magical power
 w - a ring of resist corrosion
 y - an amulet of regeneration (around neck)
 B - a +6 ring of dexterity (right claw)
 C - a ring of ice
 N - a +6 ring of dexterity
 O - a ring of poison resistance
 R - a ring of positive energy
Wands
 E - a wand of paralysis (7)
 G - a wand of iceblast (11)
 P - a wand of acid (8)
 Q - a wand of polymorph (9)
Scrolls
 f - 2 scrolls of fear {unknown}
 g - 3 scrolls of fog {unknown}
 j - 10 scrolls of teleportation
 k - a scroll of vulnerability {unknown}
 m - a scroll of butterflies {unknown}
 n - 2 scrolls of noise {unknown}
 r - a scroll of silence {unknown}
 t - a scroll of amnesia {unknown}
 v - 10 scrolls of identify
 x - 3 scrolls of enchant armour {unknown}
 F - a scroll of immolation {unknown}
 H - a scroll of magic mapping {unknown}
 L - 2 scrolls of poison {unknown}
 M - a scroll of blinking {unknown}
Potions
 c - a potion of might
 d - 3 potions of magic
 e - a potion of haste {unknown}
 h - 4 potions of invisibility
 l - 6 potions of attraction
 p - a potion of berserk rage {unknown}
 q - 8 potions of curing {unknown}
 s - a potion of degeneration {unknown}
 u - a potion of ambrosia {unknown}
 z - 2 potions of mutation {unknown}
 A - 2 potions of resistance {unknown}
 D - 3 potions of heal wounds {unknown}
 K - a potion of lignification {unknown}


   Skills:
 + Level 7.7 Fighting
 + Level 3.6 Dodging
 + Level 8.5 Shields
 + Level 9.0 Unarmed Combat


You had 9 spell levels left.
You didn't know any spells.
Your spell library contained the following spells:

 Spells                   Type           Power      Damage    Failure   Level
 Shock                    Conj/Air       0%         1d3       61%         1
 Blink                    Tloc           0%         N/A       75%         2
 Lesser Beckoning         Tloc           0%         N/A       75%         2
 Momentum Strike          Conj/Tloc      0%         3d8       75%         2
 Swiftness                Air            0%         N/A       93%         3
 Airstrike                Air            0%         2d(0-16)  100%        4


Dungeon Overview and Level Annotations

Branches:
Dungeon (9/15)             Temple (1/1) D:4           Sewer (visited)
Ossuary (visited)
   Lair: D:8-11         Orc: D:9-12

Altars:
Ashenzari
Cheibriados
Dithmenos
Elyvilon
Fedhas
Gozag
Hepliaklqana
Kikubaaqudgha
Makhleb
Nemelex Xobeh
Okawaru
Qazlal
Ru
Sif Muna
Trog
Uskayaw
Vehumet
Wu Jian
Xom
Zin
The Shining One

Shops:
D:4 ?

Annotations:
D:3 1 runed translucent door, Crazy Yiuf
D:7 2 exclusions
D:9 Erolcha
Temple 2 transporters


Innate Abilities, Weirdness & Mutations

You are too large for most types of armour.
You have claws for hands.
Your natural rate of healing is unusually fast.
You are covered in fur. (AC +1)
You have tough skin. (AC +1)


Message History

The raiju is moderately wounded.
You block the raiju's attack.
You scratch the raiju.
The raiju is moderately wounded.
The raiju bursts into living lightning!
The living lightning misses you.
The raiju blinks!
You scratch the raiju.
The raiju is heavily wounded.
You block the raiju's attack.
You scratch the raiju.
The raiju is heavily wounded.
The raiju bursts into living lightning!
The living lightning hits you!
* * * LOW HITPOINT WARNING * * *
The raiju blinks!
You miss the raiju.
The raiju is heavily wounded.
You block the raiju's attack.
You claw the raiju!
The raiju is almost dead.
You block the raiju's attack.
You claw the raiju!
You kill the raiju!
The Council accepts your kill.
Your Unarmed Combat skill increases to level 9!
You mangle the ice devil!!
The ice devil is moderately wounded.
The ice devil hits you.
* * * LOW HITPOINT WARNING * * *
The ice devil freezes you!
* * * LOW HITPOINT WARNING * * *
You mangle the ice devil!!
The ice devil is severely wounded.
The ice devil barely misses you.
You closely miss the ice devil.
The ice devil is severely wounded.
The ice devil hits you.
* * * LOW HITPOINT WARNING * * *
The ice devil freezes you!!
You die...

# #♣~~≈~
...#.... # .
#~~≈~.# # ..#.#
.. #~ ~~~
.#....#.#.#....
##..
#..............#
. # .
#...#.#..#. #.##
#. ... . ..
..... # . #
######h# # ..# .
#.... ##4#
..#... #..#. ##
#@##. #. ## ..##
# #### # ..#.#.
. #..# # # # .#
##. # . #..#...
. .# . .. . ..
.. . # # . . . .
. .. ... .. .
... .. #.. .. #
# ### # # .


You could see an ice devil and a raiju.

Vanquished Creatures
  Erica (D:8)
  A worldbinder (Abyss:2)
  Psyche (D:9)
  A troll (D:7)
  2 raiju (Abyss:2)
  2 large abominations (Abyss:2)
  A wraith (Ossuary)
  2 steam dragons
  A water moccasin (D:8)
  An orc warrior (D:7)
  2 small abominations (Abyss:2)
  A black bear (D:8)
  3 ogres
  2 centaurs (D:8)
  A kobold brigand (D:8)
  4 bullfrogs
  A gnoll sergeant (D:5)
  5 wights (D:8)
  A howler monkey (D:6)
  2 hounds
  3 orc priests
  A jelly (D:7)
  A sleepcap (D:6)
  An iguana (D:5)
  10 orc wizards
  3 mummies (Ossuary)
  7 gnolls
  3 river rats (Sewer)
  7 adders
  3 shadow imps
  3 white imps
  An ufetubus (D:5)
  3 worms (D:3)
  A dart slug (D:1)
  28 orcs
  16 ball pythons
  6 bats
  6 endoplasms
  8 giant cockroaches
  6 goblins
  7 hobgoblins
  4 jackals
  8 kobolds
  4 quokkas
  7 frilled lizards
  2 goblin zombies (Ossuary)
  5 hobgoblin zombies (Ossuary)
  5 kobold zombies (Ossuary)
  31 rats
225 creatures vanquished.

Notes
Turn   | Place    | Note
-------+----------+-------------------------------------------
     0 | D:1      | Irreverend the Troll Fighter began the quest for the Orb.
     0 | D:1      | Reached XP level 1. HP: 22/22 MP: 0/0
    41 | D:1      | Reached XP level 2. HP: 29/29 MP: 1/1
   418 | D:2      | Reached XP level 3. HP: 36/36 MP: 2/2
  1435 | D:3      | Found a glowing drain.
  1459 | Sewer    | Entered a sewer
  1503 | Sewer    | Reached skill level 3 in Unarmed Combat
  1503 | Sewer    | Reached XP level 4. HP: 40/45 MP: 3/3
  1685 | Sewer    | Reached XP level 5. HP: 44/53 MP: 4/4
  1762 | Sewer    | Reached skill level 4 in Unarmed Combat
  1762 | Sewer    | Reached XP level 6. HP: 10/62 MP: 5/5
  2575 | D:3      | Found a runed translucent door.
  2576 | D:3      | Noticed Crazy Yiuf
  3449 | D:4      | Found the +5 robe of Misfortune {Harm *Corrode *Slow EV+5}
  3514 | D:4      | Found Inochotikk's Magic Scroll Shoppe.
  3634 | D:4      | Found a burning altar of Makhleb.
  3952 | D:4      | Found a staircase to the Ecumenical Temple.
  4140 | Temple   | Entered the Ecumenical Temple
  4140 | Temple   | Found a transporter.
  4140 | Temple   | Found a transporter.
  4142 | Temple   | Found a transporter.
  4142 | Temple   | Found a transporter.
  4156 | Temple   | Became a worshipper of the Wu Jian Council
  4199 | D:5      | Entered Level 5 of the Dungeon
  4222 | D:5      | Reached XP level 7. HP: 70/70 MP: 6/6
  4518 | D:5      | Reached skill level 5 in Shields
  4615 | D:5      | Reached skill level 5 in Unarmed Combat
  4770 | D:5      | Found a blossoming altar of Fedhas.
  4775 | D:5      | Found a radiant altar of Vehumet.
  4778 | D:5      | Found a bloodstained altar of Trog.
  4778 | D:5      | Found a hide-covered altar of Uskayaw.
  4785 | D:5      | Found a white marble altar of Elyvilon.
  5407 | D:6      | You fall into a shaft and drop 1 floor!
  5660 | D:6      | Reached skill level 5 in Fighting
  5686 | D:6      | Reached XP level 8. HP: 80/80 MP: 7/7
  5689 | D:6      | Reached * piety under Wu Jian
  5892 | D:6      | Identified the +5 sling "Huef" {flame, rElec rF- Dex+3}
  5899 | D:6      | Reached skill level 6 in Unarmed Combat
  6360 | D:7      | Found a broken altar of Ashenzari.
  6547 | D:7      | Found a faded altar of an unknown god.
  6932 | D:7      | Noticed a troll
  6938 | D:7      | Killed a troll
  7059 | D:8      | Identified the +3 war axe "Itteotra" {speed, rElec rF++
                  | rCorr MP+9}
  7094 | D:8      | Found a sand-covered staircase.
  7105 | Ossuary  | Entered an ossuary
  7157 | Ossuary  | Reached skill level 7 in Unarmed Combat
  7288 | Ossuary  | Reached XP level 9. HP: 78/89 MP: 8/8
  7786 | D:8      | Noticed Erica
  7819 | D:8      | Killed Erica
  8167 | D:8      | Reached skill level 8 in Unarmed Combat
  8189 | D:8      | Reached ** piety under Wu Jian
  8195 | D:8      | HP: 2/80 [wight/+0 halberd (16)]
  8570 | D:9      | Noticed Psyche
  8687 | D:9      | Killed Psyche
  8758 | D:9      | Noticed Erolcha
  8773 | Abyss:2  | Cast into level 2 of the Abyss (Erolcha)
  8801 | Abyss:2  | Reached XP level 10. HP: 76/102 MP: 9/9
  8869 | Abyss:2  | Noticed a large abomination
  8880 | Abyss:2  | Killed a large abomination
  8901 | Abyss:2  | Noticed a worldbinder
  8904 | Abyss:2  | Noticed a black mamba
  8905 | Abyss:2  | Noticed a black mamba
  8905 | Abyss:2  | Noticed a mana viper
  8906 | Abyss:2  | Noticed a naga warrior
  8917 | Abyss:2  | Noticed a black mamba
  8920 | Abyss:2  | Noticed a black mamba
  8922 | Abyss:2  | Killed a worldbinder
  8935 | Abyss:2  | Reached skill level 9 in Unarmed Combat
  8937 | Abyss:2  | Slain by an ice devil

Illustrated notes

Levels and vault maps discovered:
D:1:      lemuel_arrival_lava_pool, layout_rooms
D:2:      layout_loops_corners, minmay_worlds_worst_comb
D:3:      layout_basic, cheibrodos_sewer_entry_bend, minmay_between,
          uniq_crazy_yiuf_cottage
D:4:      layout_basic, mainiacjoe_overflow_alcove_2,
          minmay_temple_entry_purple_smoke, serial_shops,
          nicolae_shop_hallway_plus
D:5:      nicolae_cairo_tiling, layout_cave_pods,
          nicolae_overflow_hallway_of_the_gods
D:6:      layout_loops_ring
D:7:      cheibrodos_two_vegetables, layout_cave_pods,
          mainiacjoe_overflow_brackets, serial_column_ruins,
          column_ruins_temple_circle, column_ruins_hut, column_ruins_grid_1,
          column_ruins_columns_dead_end, column_ruins_grid_1,
          column_ruins_grid_1, column_ruins_corridor_straight
D:8:      layout_cave_pods, lightli_ossuary_entry_decrepit_ruins,
          amethyst_killhole, uniq_erica
D:9:      layout_long_grid, lair_entry_dummy, erik_orc_1, uniq_erolcha,
          uniq_psyche, uniq_grum
Temple:   hellmonk_temple_divided_pantheon
Abyss:2:  base:
D:1

Skill      XL: |  1  2  3  4  5  6  7  8  9 10 |
---------------+-------------------------------+-----
Shields        | 3 4 5 6 8 |  8.5
Fighting       | 3 4 5 6 7 |  7.7
Unarmed Combat | 3 4 5 7 8 9 |  9.0
Dodging        | 3 |  3.6

Action                     |  1- 3 |  4- 6 |  7- 9 | 10-12 || total
---------------------------+-------+-------+-------+-------++-------
  Melee: Unarmed           |   125 |   197 |   296 |    36 ||   654
Ability: Lunge             |       |     1 |    30 |       ||    31
         Whirlwind         |       |       |    29 |     1 ||    30
    Use: Scroll            |       |     4 |       |       ||     4
         Potion            |       |     1 |     1 |       ||     2
   Stab: Sleeping          |       |     1 |       |       ||     1
 Armour: Robe              |    34 |    84 |    22 |       ||   140
         Troll leather arm |       |       |    19 |     9 ||    28
         Steam dragon scal |       |       |     2 |       ||     2
         Skin              |       |       |     1 |       ||     1
  Dodge: Dodged            |    44 |   123 |    69 |    12 ||   248
  Block: Kite shield       |    41 |   121 |    94 |    16 ||   272
